 Dungeon Crawl Stone Soup version 0.29.1-4-g47bece8355 (webtiles) character file.

Game seed: 7022998178146454907

201 GigaChad the Covered (level 5, -1/46 HPs)
             Began as a Minotaur Fighter on Dec 9, 2022.
             Slain by Grinder (7 damage)
             ... on level 4 of the Dungeon.
             The game lasted 00:05:27 (3149 turns).

GigaChad the Covered (Minotaur Fighter)             Turns: 3149, Time: 00:05:28

Health: -1/46      AC:  7    Str: 23    XL:     5   Next: 50%
Magic:  4/4        EV:  9    Int:  5    God:
Gold:   236        SH:  4    Dex:  9    Spells: 4/4 levels left

rFire   . . .      SeeInvis .   a - +0 war axe
rCold   . . .      Faith    .   c - +0 buckler
rNeg    . . .      Spirit   .   b - +0 scale mail
rPois   .          Reflect  .   (helmet restricted)
rElec   .          Harm     .   (no cloak)
rCorr   .          Rampage  .   (no gloves)
Will    .....                   (no boots)
Stlth   ..........              (no amulet)
HPRegen 0.15/turn               (no ring)
MPRegen 0.09/turn               (no ring)

@: no status effects
A: horns 2, retaliatory headbutt
a: no special abilities


You were on level 4 of the Dungeon.
You visited 1 branch of the dungeon, and saw 4 of its levels.

You collected 236 gold pieces.

Inventory:

Hand Weapons
 a - a +0 war axe (weapon)
Armour
 b - a +0 scale mail (worn)
 c - a +0 buckler (worn)
Wands
 t - a wand of acid (6)
Scrolls
 e - a scroll of blinking {unknown}
 g - 6 scrolls of identify {unknown}
 h - a scroll of immolation {unknown}
 m - 3 scrolls of fog {unknown}
 o - 2 scrolls of teleportation {unknown}
 p - a scroll of enchant weapon {unknown}
 q - a scroll of amnesia {unknown}
 u - a scroll of enchant armour {unknown}
Potions
 d - a potion of might
 f - 3 potions of mutation {unknown}
 i - a potion of attraction {unknown}
 j - 2 potions of cancellation {unknown}
 k - 2 potions of heal wounds {unknown}
 l - a potion of magic {unknown}
 n - a potion of haste {unknown}
 r - 3 potions of degeneration {unknown}
 s - a potion of ambrosia {unknown}
 v - a potion of flight {unknown}


   Skills:
 * Level 4.2 Fighting
 * Level 4.7 Axes
 * Level 5.1 Armour
 - Level 0.5 Dodging
 * Level 4.5 Shields


You had 4 spell levels left.
You didn't know any spells.
Your spell library was empty.

Dungeon Overview and Level Annotations

Branches:
Dungeon (4/15)
 Temple: D:4-7

Altars:

Shops:
D:2 [(

Annotations:
D:4 Grinder


Innate Abilities, Weirdness & Mutations

You have a pair of horns on your head.
You reflexively headbutt those who attack you in melee.


Message History

Grinder hits you but does no damage.
You hit Grinder.
Grinder is moderately wounded.
Grinder says, "Don't move a muscle."
Grinder hits you but does no damage. x2
You closely miss Grinder. You headbutt Grinder, but do no damage.
Grinder is moderately wounded.
You block Grinder's attack.
You hit Grinder but do no damage.
Grinder is moderately wounded.
Grinder blinks!
Grinder gestures at you. Pain shoots through your body!
You barely miss Grinder. Your headbutt misses Grinder.
Grinder is moderately wounded.
Grinder hits you.
You writhe in agony.
You block Grinder's attack.
You closely miss Grinder. Your headbutt misses Grinder.
Grinder is moderately wounded.
Grinder says, "There's only one good use for a tongue: cutting it out."
Grinder hits you.
You hit Grinder. You headbutt Grinder!
Grinder is severely wounded.
Grinder closely misses you.
You closely miss Grinder. Your headbutt misses Grinder.
Grinder is severely wounded.
Grinder barely misses you.
Grinder blinks!
Grinder gestures at you.
You suddenly lose the ability to move!
Grinder gestures at you. Pain shoots through your body!
* * * LOW HITPOINT WARNING * * *
Grinder blinks! x2
You can move again.
Grinder gestures at you. You resist with significant effort.
Grinder misses you.
You slash Grinder!
Grinder is almost dead.
Grinder hits you!
You die...

##.# #.# #... #.# #..#
#.# #..# #.# #..# ####.#
#..# #....#
#.!######.##.###########
#.........@5...........#
#.####################.#
#. ........# #.# ##
#######.# #.# #.# #.#
#.#########.#
#...........#
#.##############
#..............#


You could see Grinder.

Vanquished Creatures
  A jelly (D:2)
  An orc wizard (D:4)
  4 adders
  An ufetubus (D:4)
  5 dart slugs
  10 orcs
  7 ball pythons
  6 bats
  3 endoplasms
  5 giant cockroaches
  5 goblins
  8 hobgoblins
  6 jackals
  4 quokkas
  4 frilled lizards
  9 kobolds
  4 rats
83 creatures vanquished.

Notes
Turn   | Place    | Note
-------+----------+-------------------------------------------
     0 | D:1      | GigaChad the Minotaur Fighter began the quest for the Orb.
     0 | D:1      | Reached XP level 1. HP: 19/19 MP: 0/0
   125 | D:1      | Reached XP level 2. HP: 22/27 MP: 1/1
   186 | D:1      | Reached skill level 4 in Armour
   784 | D:1      | Reached XP level 3. HP: 26/33 MP: 2/2
  1088 | D:2      | Reached XP level 4. HP: 36/40 MP: 3/3
  1164 | D:2      | Found Araunlah's Antique Armour Shop.
  1442 | D:2      | Found a faded altar of an unknown god.
  1703 | D:2      | Found Ipueg's Weapon Boutique.
  2466 | D:3      | Reached XP level 5. HP: 46/46 MP: 4/4
  2780 | D:4      | Reached skill level 5 in Armour
  3114 | D:4      | Noticed Grinder
  3141 | D:4      | Paralysed by Grinder for 5 turns
  3149 | D:4      | Slain by Grinder

Illustrated notes

Levels and vault maps discovered:
D:1:      minmay_arrival_shattered_statue, layout_basic, minivault_25
D:2:      layout_basic, serial_shops, nicolae_shop_competitors_out_of_business,
          nicolae_shop_hallway_plus,
          dreamdust_ecumenical_altar_angels_and_demons, minmay_ruptured
D:3:      layout_rooms
D:4:      layout_loops_ring, st_stairs_6,
          hangedman_abyss_or_decor_jellyfish_corner, minmay_tree_intersection,
          chequers_serial_rivers_micro_a, columned_hall_lemuel, uniq_grinder

Skill      XL: |  1  2  3  4  5 |
---------------+----------------+-----
Armour         | 4 5 |  5.1
Shields        | 4 |  4.5
Axes           | 3 4 |  4.7
Fighting       | 4 |  4.2
Dodging        | |  0.5

Action                   |  1- 3 |  4- 6 || total
-------------------------+-------+-------++-------
Melee: War axe           |    70 |   140 ||   210
       Headbutt          |     5 |     8 ||    13
Armor: Scale mail        |    28 |   101 ||   129
Dodge: Dodged            |    24 |    73 ||    97
Block: Buckler           |    29 |    37 ||    66
